 Dungeon Crawl Stone Soup version 0.31-a0-321-g19405a7a6a (webtiles) character file.

Game seed: 18389533359865183619

2594 cforsyth the Basher (level 10, -2/93 HPs)
             Began as a Meteoran Fighter on July 17, 2023.
             Was a Priest of Okawaru.
             Slain by a hornet (4 damage)
             ... on level 8 of the Dungeon.
             The game lasted 00:14:51 (2541 turns).

cforsyth the Basher (Meteoran Fighter)              Turns: 2541, Time: 00:14:51

Health: -2/93      AC:  9    Str: 22    XL:     10   Next: 12%
Magic:  11/11      EV:  8    Int: 11    God:    Okawaru [***...]
Gold:   192        SH:  5    Dex: 16    Spells: 9/9 levels left

rFire   + + .        j - +2 flail (protect)
rCold   . . .        c - +0 buckler
rNeg    + . .        B - +0 chain mail of the Pink Corner {rF+ rN+ Dex+3}
rPois   .            (no helmet)
rElec   .            (no cloak)
rCorr   .            (no gloves)
SInv    .            (no boots)
Will    ++...        t - amulet of the acrobat Stlth
                     v - ring of protection from fire
HPRegen 0.35/turn    E - ring of willpower
MPRegen 0.12/turn

%: acrobat
@: lethally poisoned (-2 -> -14), slowed, glowing, very slow
A: sense surroundings 2, otherworldly, glowing, explore regen
a: Renounce Religion, Heroism


You were on level 8 of the Dungeon.
You worshipped Okawaru.
Okawaru was most pleased with you.
You visited 2 branches of the dungeon, and saw 9 of its levels.

You collected 192 gold pieces.

Inventory:

Hand Weapons
 a - a +0 flail
 b - a +0 great mace
 j - a +2 flail of protection (weapon)
Armour
 c - a +0 buckler (worn)
 B - the +0 chain mail of the Pink Corner (worn) {rF+ rN+ Dex+3}
   (You found it on level 6 of the Dungeon)

   Dex:       It affects your dexterity (+3).
   rF:        It protects you from fire.
   rN:        It protects you from negative energy.
Jewellery
 t - an amulet of the acrobat (around neck)
 v - a ring of protection from fire (left hand)
 y - a ring of resist corrosion
 E - a ring of willpower (right hand)
Wands
 d - a wand of light (2)
 f - a wand of paralysis (4)
 C - a wand of digging (3)
Scrolls
 e - 3 scrolls of amnesia
 h - a scroll of revelation
 i - a scroll of teleportation {unknown}
 k - a scroll of poison {unknown}
 l - a scroll of acquirement {unknown}
 m - a scroll of enchant weapon
 n - a scroll of blinking {unknown}
 p - a scroll of fog {unknown}
 w - 2 scrolls of immolation {unknown}
 x - a scroll of vulnerability {unknown}
 z - a scroll of summoning {unknown}
 A - a scroll of enchant armour {unknown}
 D - a scroll of identify
Potions
 g - a potion of berserk rage
 o - a potion of ambrosia
 q - 2 potions of enlightenment
 r - a potion of magic
 s - a potion of resistance


   Skills:
 + Level 10.2 Fighting
 + Level 11.6 Maces & Flails
 + Level 5.1 Armour
 - Level 3.6 Shields


You had 9 spell levels left.
You didn't know any spells.
Your spell library contained the following spells:

 Spells                   Type           Power      Damage    Failure   Level
 Necrotise                Necr           0%         1d4       95%         1
 Poisonous Vapours        Pois/Air       0%         N/A       98%         2
 Ignite Poison            Fire/Tmut/Pois 0%         N/A       100%        3
 Mephitic Cloud           Conj/Pois/Air  0%         N/A       100%        3
 Vampiric Draining        Necr           0%         2d6       100%        3
 Vhi's Electric Charge    Tloc/Air       0%         N/A       100%        3
 Cause Fear               Hex            0%         N/A       100%        4
 Passage of Golubria      Tloc           0%         N/A       100%        4
 Sticky Flame             Conj/Fire      0%         2d3       100%        4
 Agony                    Necr           0%         N/A       100%        5
 Arcjolt                  Conj/Air       0%         1d10      100%        5
 Fireball                 Conj/Fire      0%         3d3       100%        5
 Freezing Cloud           Conj/Ice/Air   0%         6-21      100%        5
 Silence                  Hex/Air        0%         N/A       100%        5
 Ignition                 Fire           0%         3d3       100%        8
 Lehudib's Crystal Spear  Conj/Erth      0%         10d2      100%        8
 Maxwell's Capacitive Co  Air            0%         ∞         100%        8
 Dragon's Call            Summ           Unusable   N/A       N/A         9

Dungeon Overview and Level Annotations

Branches:
Dungeon (8/15) Zot: 2224   Temple (1/1) D:7 Zot: 598
   Lair: D:8-11

Altars:
Ashenzari
Cheibriados
Dithmenos
Elyvilon
Fedhas
Gozag
Hepliaklqana
Nemelex Xobeh
Okawaru
Qazlal
Ru
Sif Muna
Trog
Xom
Yredelemnul
Zin

Shops:
D:6 (

Annotations:
D:7 3 runed translucent doors, lunkers's ghost, novice MeSh


Innate Abilities, Weirdness & Mutations

You passively map the area around you.
You are easily found by Zot.
You glow in the dark.
You regain HP and MP as you explore.


Message History

You block the hornet's attack. The hornet barely misses you.
Unknown command.
You hit the hornet.
The hornet is heavily wounded.
The hornet stings you.
You are poisoned.
You feel yourself slow down.
You hit the hornet but do no damage.
The hornet is heavily wounded.
You feel very sick.
The hornet stings you but does no damage.
The hornet stings you!
You are more poisoned.
You feel as though you will be slow longer.
You thump the hornet!
The hornet is severely wounded.
You feel very sick. The hornet stings you!
You are more poisoned.
You feel as though you will be slow longer.
The hornet stings you but does no damage.
You barely miss the hornet.
The hornet is severely wounded.
You feel very sick. The hornet stings you!
* * * LOW HITPOINT WARNING * * *
You are more poisoned.
You feel as though you will be slow longer.
The hornet stings you but does no damage.
You completely miss the hornet.
The hornet is severely wounded.
* * * LOW HITPOINT WARNING * * *
You feel extremely sick. The hornet barely misses you.
You block the hornet's attack.
It was a potion of curing.
You feel better. The hornet stings you!
* * * LOW HITPOINT WARNING * * *
You are lethally poisoned!
You feel as though you will be slow longer.
The hornet stings you.
You die...

,,........##### *,,,,,*,*
*,*
**##..........##*******,*
*,* ##########..# *,* *,*
##.### *,* *,* #...#
*,****,*** ####.#
*,,,,,,,<* ***#....###
***,,,,,,,** #....#....#
*,,,,,,,*,,,
#...*##@y.#**,,,,*,,*,**
#..**,#'...#*,*,**,,,,,,
#.**,∩.##..#*,*,**,,,,~,
#,,**.#*,....,*,***,,,,,
**,,##*,,....>#,***,~,∩,
**,,*,,,..#...,,,*,,,,,
**,,,,,,....#**,*,,,,,
********#.## *,*,,,,, *,*
*,,,,,,,


You could see a hornet.

Vanquished Creatures
  Prince Ribbit (D:6)
  A hornet (D:7)
  A steam dragon (D:6)
  A water moccasin (D:6)
  An orc warrior (D:6)
  A sky beast (D:7)
  An ice beast (D:7)
  2 ogres
  2 centaurs (D:6)
  2 phantoms
  3 bullfrogs
  A kobold brigand (D:6)
  4 wights (D:7)
  A howler monkey (D:6)
  2 hounds
  An orc priest (D:3)
  2 gnoll boudas
  An iguana (D:6)
  2 jellies (D:7)
  Jessica (D:3)
  3 sleepcaps
  4 orc wizards (D:7)
  7 adders
  7 gnolls
  4 white imps
  5 dart slugs
  9 orcs
  6 endoplasms
  2 giant cockroaches
  16 goblins
  5 hobgoblins
  9 jackals (D:1)
  13 kobolds
  4 quokkas
  7 ball pythons
  10 bats
  3 frilled lizards
  3 rats
148 creatures vanquished.

Vanquished Creatures (others)
  An adder (D:6)
1 creature vanquished.

Grand Total: 149 creatures vanquished

Notes
Turn   | Place    | Note
-------+----------+-------------------------------------------
     0 | D:1      | cforsyth the Meteoran Fighter began the quest for the Orb.
     0 | D:1      | Reached XP level 1. HP: 19/19 MP: 2/2
    32 | D:1      | Reached skill level 3 in Maces & Flails
    33 | D:1      | Reached XP level 2. HP: 12/26 MP: 3/3
    71 | D:1      | Reached XP level 3. HP: 26/33 MP: 4/4
   342 | D:1      | Reached skill level 4 in Maces & Flails
   359 | D:1      | Reached XP level 4. HP: 22/40 MP: 5/5
   846 | D:3      | Reached XP level 5. HP: 37/47 MP: 6/6
   870 | D:3      | Noticed Jessica
   875 | D:3      | Killed Jessica
   876 | D:3      | Reached skill level 5 in Maces & Flails
   961 | D:3      | Reached skill level 5 in Fighting
   973 | D:3      | Reached XP level 6. HP: 43/56 MP: 7/7
  1014 | D:3      | Found a basalt altar of Yredelemnul.
  1176 | D:4      | Reached skill level 6 in Maces & Flails
  1231 | D:5      | Entered Level 5 of the Dungeon
  1244 | D:5      | Reached XP level 7. HP: 62/62 MP: 8/8
  1453 | D:5      | Found an iron altar of Okawaru.
  1468 | D:5      | Became a worshipper of Warmaster Okawaru
  1535 | D:5      | Reached skill level 7 in Maces & Flails
  1608 | D:5      | Found a hazy altar of Hepliaklqana.
  1642 | D:6      | Found a sparkling altar of Nemelex Xobeh.
  1666 | D:6      | Reached * piety under Okawaru
  1686 | D:6      | Noticed Prince Ribbit
  1712 | D:6      | Killed Prince Ribbit
  1713 | D:6      | Reached skill level 8 in Maces & Flails
  1713 | D:6      | Reached XP level 8. HP: 25/73 MP: 9/9
  1794 | D:6      | Found Wagarph's Antique Weapon Shop.
  1824 | D:7      | Reached skill level 9 in Maces & Flails
  1846 | D:7      | Identified the +1 robe "Wewiboij" {rPois rC- rN+ Int+3}
  1852 | D:7      | Reached ** piety under Okawaru
  1853 | D:7      | Gained mutation: You passively map the area around you.
                  | [Meteoran growth]
  1853 | D:7      | Reached XP level 9. HP: 73/81 MP: 10/10
  1906 | D:6      | Reached skill level 10 in Maces & Flails
  1910 | D:6      | HP: 3/82 [orc warrior/+0 long sword (14)]
  1947 | D:6      | Identified the +0 chain mail of the Pink Corner {rF+ rN+
                  | Dex+3}
  2187 | D:7      | Reached *** piety under Okawaru
  2188 | D:7      | Reached skill level 11 in Maces & Flails
  2265 | D:7      | Found a staircase to the Ecumenical Temple.
  2271 | Temple   | Entered the Ecumenical Temple
  2295 | D:7      | Found a runed translucent gate.
  2295 | D:7      | Noticed lunkers's ghost (novice MeSh)
  2296 | D:7      | Found a runed translucent gate.
  2297 | D:7      | Found a runed translucent gate.
  2298 | D:7      | Noticed a hornet
  2310 | D:7      | Paralysed by a hornet for 2 turns
  2312 | D:7      | Killed a hornet
  2356 | D:7      | Reached skill level 10 in Fighting
  2356 | D:7      | Reached XP level 10. HP: 63/93 MP: 11/11
  2501 | D:8      | Reached skill level 5 in Armour
  2530 | D:8      | Paralysed by a hornet for 2 turns
  2541 | D:8      | HP: 2/93 [hornet (14)]
  2541 | D:8      | Slain by a hornet

Illustrated notes

Levels and vault maps discovered:
D:1:      dpeg_arrival_lava_temple_mockup, layout_basic, serial_forest,
          infiniplex_forest_lined_room_2, infiniplex_forest_corner_1,
          infiniplex_forest_clump_small, infiniplex_forest_corner_1,
          infiniplex_forest_lined_2, infiniplex_forest_corner_1,
          infiniplex_forest_end_3, infiniplex_forest_clump_small,
          infiniplex_forest_straight_2, chequers_ecumenical_altar_simple_redux
D:2:      layout_loops_cross, basic_altar, uniq_robin
D:3:      layout_loops_ring, mainiacjoe_overflow_alcove_1,
          mainiacjoe_overflow_small_starburst, minmay_misc_feat_room,
          nicolae_underground_beach, uniq_jessica
D:4:      layout_cave_pools, amcnicky_altar_gilded
D:5:      layout_loops_ring, mainiacjoe_overflow_24_doors, lemuel_doored_altar,
          lightli_temple_of_fire, minmay_misc_feat_ornament,
          minmay_misc_feat_rows, chequers_serial_rivers_small_a, minivault_5
D:6:      minmay_general_purpose_star, layout_loops_cross, vehumet_statue,
          nemelex_dance_club_becter, serial_shops, nicolae_stop_n_shop_2,
          grunt_decor_resistance, roderic_batcave, minmay_checkerbox,
          uniq_prince_ribbit1
D:7:      layout_cave_pools, minmay_temple_entry_drinking_statues,
          biasface_ghost_orc_armoury
D:8:      layout_basic, mainiacjoe_overflow_surrounded_room, enter_ossuary_5,
          nicolae_elemental_shop
Temple:   nicolae_temple_x_marks_the_god

Skill      XL: |  1  2  3  4  5  6  7  8  9 10 |
---------------+-------------------------------+-----
Maces & Flails | 3 4 5 6 8 9 11 | 11.6
Fighting       | 4 5 7 8 10 | 10.2
Armour         | 4 5 |  5.1
Shields        | |  3.6

Action                     |  1- 3 |  4- 6 |  7- 9 | 10-12 || total
---------------------------+-------+-------+-------+-------++-------
  Melee: Flail             |    88 |   123 |   230 |    47 ||   488
  Evoke: Wand              |       |       |     1 |       ||     1
    Use: Potion            |       |       |     2 |     1 ||     3
         Scroll            |       |       |     8 |     1 ||     9
 Armour: Scale mail        |    54 |    67 |    60 |       ||   181
         Chain mail        |       |       |    81 |    16 ||    97
  Dodge: Dodged            |    35 |    39 |    85 |    21 ||   180
  Block: Buckler           |    30 |    28 |    63 |     8 ||   129

Table legend: (Time is in decaauts)
 A = Elapsed time spent in this place.
 B = Non-inter-level travel time spent in this place.
 C = Inter-level travel time spent in this place.
 D = Time resting spent in this place.
 E = Time spent auto-exploring this place.
 F = Levels seen in this place.
 G = Mean time per level.
                   A        B        C        D        E       F      G
               +--------+--------+--------+--------+--------+-----+--------+
         Total |   2576 |   2563 |     13 |      0 |      0 |   9 |  286.2 |
       Dungeon |   2574 |   2561 |     13 |      0 |      0 |   8 |  321.8 |
        Temple |      1 |      1 |      0 |      0 |      0 |   1 |    1.0 |
               +--------+--------+--------+--------+--------+-----+--------+

Top non-repeatable levels by time:
     D:1: 470 daAuts
     D:6: 470 daAuts
     D:5: 369 daAuts
     D:3: 362 daAuts
     D:7: 330 daAuts
     D:2: 250 daAuts
     D:4: 213 daAuts
     D:8: 107 daAuts
  Temple: 1 daAuts
